[Event "Late-Titled-Tuesday-Blitz-May-28-2024"]
[Site "Chess.com"]
[Date "2024.05.28"]
[Round "4"]
[White "kirillshevchenko"]
[Black "NeverGiveUppp"]
[Result "1-0"]
[WhiteElo "2904"]
[BlackElo "2596"]
[TimeControl "180+1"]
[EndTime "14:39:55 PDT"]
[Termination "kirillshevchenko won by resignation"]

1. b3 e5 2. Bb2 Nc6 3. e3 Nf6 4. Nf3 e4 5. Nd4 Nxd4 6. Bxd4 d5 7. c4 c5 8. Bxf6 Qxf6 9. Nc3 d4 10. Nxe4 Qg6 11.
Ng3 h5 12. exd4 h4 13. Qe2+ Be7 14. Ne4 cxd4 15. Qf3 f5 16. Bd3 fxe4 17. Bxe4 Qf6 18. Bxb7 Bxb7 19. Qxb7 O-O 20. O-O h3 21. Rae1 hxg2 22.
Kxg2 Rae8 23. Qd5+ Kh8 24. Re6 Qh4 25. Re4 Qh6 26. Re5 Qg6+ 27. Kh1 Qf7 28. Rfe1 g6 29. f4 Qxf4 30. Qg2 Rf7 31. R5e4 Qf5 32. Re5 Qf6 33.
c5 Rc8 34. Re6 Qf5 35. Rxe7 Rxe7 36. Rxe7 Rf8 37. Re1 Qxc5 38. Qe4 Qg5 39. Qxd4+ Kg8 40. Qc4+ Kh8 41. Qc3+ Kg8 42. Qc4+ Kh8 43. Qd4+ Kg8 44.
Rg1 Qf5 45. Qg4 Qd5+ 46. Qg2 Rf3 47. Qxg6+ Kf8 48. Qg7+ Ke8 49. Qg8+ Qxg8 50. Rxg8+ Ke7 51. Rg7+ Ke6 52. Rxa7 Rd3 53. Kg2 Rxd2+ 54. Kg3 Kf6 55. h4 Kg6 56. Ra6+ Kf5 57. Ra5+ Kg6 58. h5+ Kh6 59.
Kf3 Rd3+ 60. Ke4 Rh3 61. Re5 Rh4+ 62. Kd5 Rh2 63. a4 Rb2 64. Kc4 Rc2+ 65. Kb5 Rb2 66. b4 Re2 67. Rxe2 Kxh5 68. a5 1-0

[Event "Late-Titled-Tuesday-Blitz-May-28-2024"]
[Site "Chess.com"]
[Date "2024.05.28"]
[Round "4"]
[White "N_I_Chess"]
[Black "BillCoe"]
[Result "0-1"]
[WhiteElo "2255"]
[BlackElo "2093"]
[TimeControl "180+1"]
[EndTime "14:39:58 PDT"]
[Termination "BillCoe won by checkmate"]

1. d4 d5 2. c4 e6 3. Nc3 Be7 4. cxd5 exd5 5. Qc2 c6 6. Bf4 g6 7. e3 Bf5 8. Bd3 Bxd3 9. Qxd3 Nf6 10. h3 O-O 11. Nf3 Re8 12. O-O Nbd7 13. a3 Bf8 14. b4 b5 15. Nd2 Nb6 16. Nb3 Nc4 17. Nc5 Bg7 18. a4 a6 19. Ra2 Bf8 20. Rfa1 Bxc5 21.
dxc5 Rc8 22. Ne2 Re4 23. axb5 axb5 24. Bg5 Re5 25. Bf4 Re4 26. Qc3 Nh5 27. Bh2 Qf6 28. Qxf6 Nxf6 29. Ra8 Ree8 30. R8a7 Ne4 31. Nd4 Ng5 32.
R1a6 Ne6 33. Nxc6 Kf8 34. Bg3 h6 35. Ne5 g5 36. Nxc4 dxc4 37. Bd6+ Kg8 38. Rb7 c3 39. Ra2 Ra8 40. Rc2 Ra3 41. Rxb5 Rb3 42. c6 Rc8 43.
Rb6 Nd8 44. b5 Nxc6 45. Rxc6 Rd8 46. R2xc3 Rxb5 47. Bg3 Rb1+ 48. Kh2 Rdd1 49. Rc8+ Kh7 50. Be5 h5 51. Kg3 Kg6 52. R3c5 h4+ 53. Kf3 f5 54.
R5c6+ Kf7 55. R8c7+ Ke8 56. Rc8+ Kd7 57. R6c7+ Ke6 58.
Re8+ Kd5 59. Rd7+ Kc6 60. Rc8+ Kxd7 61. Rf8 Ke6 62. Bd4 Rb3 63. Re8+ Kf7 64. Rc8 Rxd4 65.
Rc7+ Ke6 66. Rc6+ Rd6 67. Rc8 Ra6 68. Re8+ Kf7 69. Rc8 Ra4 70. Rc7+ Ke6 71. Rc6+ Kd7 72. Rg6 g4+ 73. hxg4 fxg4+ 74. Ke2 Ra2+ 75. Kd1 Rb1# 0-1

[Event "Late-Titled-Tuesday-Blitz-May-28-2024"]
[Site "Chess.com"]
[Date "2024.05.28"]
[Round "4"]
[White "Josetricks"]
[Black "Stanbad1"]
[Result "0-1"]
[WhiteElo "2472"]
[BlackElo "2670"]
[TimeControl "180+1"]
[EndTime "14:40:01 PDT"]
[Termination "Stanbad1 won on time"]

1. c4 Nf6 2. Nf3 g6 3. g3 Bg7 4. Bg2 d6 5. O-O O-O 6. b3 c5 7. Bb2 Nc6 8. e3 Rb8 9. Qe2 a6 10. d4 b5 11. dxc5 dxc5 12. Rd1 Qb6 13. Nc3 Be6 14.
Nd5 Qa7 15. Rac1 bxc4 16. Bxf6 exf6 17. bxc4 Rfe8 18. Nf4 f5 19. Nxe6 fxe6 20. h4 Rb2 21. Rc2 Rxc2 22. Qxc2 e5 23. Ng5 e4 24. Qa4 Qb7 25.
Rd6 Rc8 26. h5 Bf8 27. Re6 Be7 28. Nxe4 Qb1+ 29. Kh2 fxe4 30. Bxe4 Qb2 31. Bxc6 Qxf2+ 32. Bg2 Bf6 33. Qxa6 Rf8 34. hxg6 hxg6 35. Qd6 Kg7 36. Qc7+ Rf7 37. Qxc5 Rd7 38. a4 Rd2 39. Qc6 Qf5 40.
Qb7+ Kh6 41. Qe4 Qh5+ 42. Kg1 Rd1+ 43. Kf2 Bg5 44. Qf3 Rd2+ 45. Ke1 Qxf3 46. Bxf3 Rd3 47. Ke2 Rc3 48. Bd5 Kg7 49. a5 Ra3 50. a6 Bf6 51. Rc6 Be5 52. Re6 Bxg3 53. Kf3 Bh2 54. Ke4 g5 55. Re7+ Kf6 56. Rf7+ Kg6 57. a7 g4 58. Rd7 g3 59. Rd8 Rxa7 60. Kf3 Kf5 61. Rg8 Ke5 62. Rg5+ Kd6 63. Rg6+ Kc5 64. Rc6+ Kb4 65.
Rc8 Ra2 66. Rg8 Rf2+ 67. Kg4 g2 0-1

[Event "Late-Titled-Tuesday-Blitz-May-28-2024"]
[Site "Chess.com"]
[Date "2024.05.28"]
[Round "4"]
[White "WPWPWP-2015"]
[Black "RAU4ever"]
[Result "0-1"]
[WhiteElo "2510"]
[BlackElo "2355"]
[TimeControl "180+1"]
[EndTime "14:40:03 PDT"]
[Termination "RAU4ever won by checkmate"]

1. e4 c6 2. d4 d5 3. Nc3 dxe4 4. Nxe4 Bf5 5. Ng3 Bg6 6. h4 h6 7.
N1e2 e6 8. Nf4 Bh7 9. Bc4 Nf6 10. c3 Bd6 11. Ngh5 Nxh5 12. Nxh5 Rg8 13. Qf3 Nd7 14. Bf4 Bxf4 15. Qxf4 Nf6 16. Nxf6+ Qxf6 17. Qxf6 gxf6 18. g3 Be4 19. Rg1 Bd5 20. Bd3 Rc8 21. Ke2 f5 22. Ke3 c5 23. dxc5 Rxc5 24. Kd4 Ra5 25. a4 Rg4+ 26. f4 Bc6 27. Be2 Rd5+ 28. Ke3 Rg7 29. b4 Rd8 30. Bd3 Ke7 31. b5 Bd7 32. a5 Rdg8 33. Kf2 Rc8 34. c4 Kd6 35. Rgd1 Ke7 36. Be2 a6 37. Ra3 axb5 38. cxb5 Rc5 39. Rb3 Rg8 40.
a6 bxa6 41. bxa6 Ra8 42. Ra1 Ra7 43. Ke3 Bc8 44. Rb6 Rc3+ 45. Kf2 Rc2 46. Ra3 Rc1 47. Ke3 Rcc7 48. Bb5 Rc1 49. Kd4 Kd8 50. Ke5 Ke7 51. Kd4 Kd8 52. h5 Kc7 53. Rb3 Kxb6 54. Bd3+ Kc7 55. Ra3 Rc6 56. Bb5 Rd6+ 57. Ke5 Rb6 58. Be2 Bxa6 59. Kf6 Kb7 60. Bf3+ Kb8 61. Kg7 Bc8 62.
Kxh6 Rxa3 63. Kg7 Rxf3 64. h6 Rxg3+ 65. Kf6 Rh3 66. Ke7 Rxh6 67. Kf8 e5 68. fxe5 f4 69. Kg7 Rbe6 70. Kxf7 f3 71. Kg7 f2 72. Kg8 f1=Q 73. Kg7 Qg2+ 74. Kf7 Qg6+ 75. Kf8 Re8# 0-1

[Event "Late-Titled-Tuesday-Blitz-May-28-2024"]
[Site "Chess.com"]
[Date "2024.05.28"]
[Round "4"]
[White "lachesisQ"]
[Black "rhungaski"]
[Result "1-0"]
[WhiteElo "3057"]
[BlackElo "2604"]
[TimeControl "180+1"]
[EndTime "14:40:04 PDT"]
[Termination "lachesisQ won on time"]

1. e4 e6 2. d4 d5 3. Nc3 Bb4 4. e5 c5 5. a3 Bxc3+ 6. bxc3 Nc6 7. a4 Qa5 8. Bd2 c4 9. h4 Bd7 10. h5 h6 11. Qg4 Rh7 12. Nh3 O-O-O 13. Nf4 Nge7 14.
Qd1 Kb8 15. Be2 Rf8 16. Bg4 Ka8 17. O-O Bc8 18. Re1 Rhh8 19. Re3 Rhg8 20. Bc1 Qc7 21. Ba3 f5 22. Bh3 Qd8 23. Rg3 Qe8 24. Qc1 Qf7 25. a5 a6 26. Bc5 Re8 27. Qb2 g5 28. hxg6 Nxg6 29. Nxg6 Rxg6 30. Rxg6 Qxg6 31. Qb6 Qg5 32. Rb1 Qd8 33. Qb2 Rg8 34. Qc1 Qg5 35. Qe1 Nxa5 36.
Rb6 Nc6 37. Qb1 Qd8 38. Qa2 Qd7 39. Kh2 Rg5 40. Qa1 Rg8 41. Qc1 Rg5 42. Bd6 Qd8 43. Qb2 Qd7 44. Qb1 Rg8 45. Qa1 Rg5 46. Qc1 Qd8 47. Rb1 Qd7 48. Qa3 Rg8 49. Qc5 Rg5 50. Qb6 Rg8 51. Ra1 Rg7 52. Kg1 Qd8 53. Qb2 Qd7 54.
Kf1 Rg5 55. Ke1 Rg7 56. Kd1 Rg5 57. Kc1 Rg7 58. Qa3 Rg8 59. Kb2 Qd8 60. Qc5 Rg5 61.
g3 Qd7 62. Bf1 Rh5 63. Be2 Rh2 64. Rf1 f4 65. gxf4 Qd8 66. f5 exf5 67. Qxd5 Qb6+ 68. Kc1 Qd8 69. Bf3 Rh3 70. Rg1 Qe8 71. Rg8 Qxg8 72.
Qxg8 1-0

[Event "Late-Titled-Tuesday-Blitz-May-28-2024"]
[Site "Chess.com"]
[Date "2024.05.28"]
[Round "4"]
[White "eljanov"]
[Black "el008"]
[Result "1-0"]
[WhiteElo "2890"]
[BlackElo "2570"]
[TimeControl "180+1"]
[EndTime "14:40:07 PDT"]
[Termination "eljanov won by resignation"]

1. d4 Nf6 2. Bf4 c5 3. d5 d6 4.
Nc3 g6 5. e4 Bg7 6. Bb5+ Nbd7 7.
a4 O-O 8. Nf3 a6 9. Be2 Ne8 10.
O-O Nc7 11. Re1 Rb8 12. a5 b5 13. axb6 Rxb6 14. Qc1 Rb4 15. Bh6 Nb5 16. Bxg7 Kxg7 17. Nxb5 axb5 18. Nd2 Qb6 19. b3 c4 20. Qa3 Qc5 21.
c3 Rxb3 22. Nxb3 cxb3 23. Qxb3 Ne5 24. Bxb5 Bg4 25. Qb4 Qb6 26. Be2 Qc7 27. Bxg4 Nxg4 28. Qd4+ Kg8 29. Ra7 Qb8 30. Rxe7 Rc8 31. h3 Ne5 32. f4 Rc4 33. Qd2 Qd8 34. Rb7 Qc8 35. Rb5 Nd7 36. Kh1 Rxc3 37. e5 dxe5 38. fxe5 Qc4 39.
Rbb1 Rd3 40. Qh6 Qxd5 41. e6 fxe6 42. Rf1 Rb3 43. Rbd1 Rd3 44. Rc1 Qa8 45. Rc2 Qe8 46. Rcf2 Rd5 47. Re1 Rf5 48. Rxf5 gxf5 49. Qxe6+ Qxe6 50.
Rxe6 Kf7 51. Rd6 Ne5 52. Kh2 Ng6 53. Kg3 Ke7 54. Ra6 Kf7 55. Kf3 Nh4+ 56. Kf2 Ng6 57. g3 Ne5 58. Ke3 Ng6 59. Ra7+ Kg8 60. h4 h5 61. Kf3 Kf8 62. Rh7 Kg8 63. Rxh5 Ne7 64.
Rg5+ Kf7 65. Kf4 Kf6 66. Rh5 Kg7 67. Rxf5 Ng6+ 68. Ke4 Ne7 69. g4 Kg6 70. h5+ Kh6 71.
Rc5 Ng8 72. Rc6+ Kg5 73. Rg6+ Kh4 74. Rxg8 1-0

[Event "Late-Titled-Tuesday-Blitz-May-28-2024"]
[Site "Chess.com"]
[Date "2024.05.28"]
[Round "4"]
[White "JanMur7"]
[Black "agustinv04"]
[Result "0-1"]
[WhiteElo "2288"]
[BlackElo "2515"]
[TimeControl "180+1"]
[EndTime "14:40:11 PDT"]
[Termination "agustinv04 won by checkmate"]

1. c4 e5 2. Nc3 g6 3. g3 Bg7 4. Bg2 Nc6 5. e3 d6 6. Nge2 h5 7. h4 Bg4 8. f3 Be6 9. b3 g5 10. hxg5 Qxg5 11. d4 Bd7 12. d5 Nce7 13. e4 Qg6 14. Be3 f5 15. Bf2 Nf6 16. Qd3 h4 17. O-O-O O-O-O 18. Bxa7 hxg3 19. c5 Rxh1 20. Rxh1 fxe4 21.
fxe4 dxc5 22. Bxc5 Bf8 23. Qxg3 Ng4 24. Rf1 Nf5 25. exf5 Qg5+ 26. Kb1 Bxc5 27. Ne4 Bxf5 28. Rxf5 Qxf5 29. Kb2 Rg8 30. Nxc5 b6 31. Na4 Nf6 32. Bh3 Ng4 33. Bxg4 Rxg4 34. Qc3 Rg2 35. Qd2 Qf2 36. Nac3 e4 37. Qd1 Qf6 38. Kc2 Qe5 39. Qd2 e3 40. Qd3 b5 41. Nxb5 Qa1 42.
Nc3 Rh2 43. Qxe3 Rh1 44. Qe8+ Kb7 45. Qb5+ Ka7 46. Qa5+ Kb7 47. Qb5+ Kc8 48. Qd3 Kd8 49. Qd2 Qf1 50. d6 Qf5+ 51. Qd3 Qxd3+ 52. Kxd3 cxd6 53.
Nd4 Rh3+ 54. Kc4 Kd7 55. Ne4 Rh2 56. Nf6+ Kd8 57. Ne4 Rxa2 58. Nxd6 Kd7 59. N6b5 Ra1 60. Nc3 Rh1 61. b4 Kc7 62. b5 Kb6 63. Nd5+ Ka5 64.
Kc5 Rc1+ 65. Kd6 Rd1 66. Kc5 Rc1+ 67. Kd6 Rh1 68. Kc5 Ka4 69. Nc6 Rc1+ 70. Kb6 Rb1 71. Nc7 Kb3 72. Ka6 Kc4 73. b6 Kc5 74. Na8 Kxc6 75. Ka7 Rb2 76. Ka6 Ra2# 0-1

[Event "Late-Titled-Tuesday-Blitz-May-28-2024"]
[Site "Chess.com"]
[Date "2024.05.28"]
[Round "4"]
[White "Charodej1"]
[Black "KNVB"]
[Result "1/2-1/2"]
[WhiteElo "2467"]
[BlackElo "2770"]
[TimeControl "180+1"]
[EndTime "14:40:14 PDT"]
[Termination "Game drawn by repetition"]

1. e4 e5 2. Nf3 Nc6 3. Bb5 Qf6 4.
Qe2 Bc5 5. d3 Nge7 6. Be3 Bb6 7.
Nc3 O-O 8. O-O d6 9. h3 h6 10.
a4 a6 11. Bc4 Be6 12. Bxb6 cxb6 13. Qe3 Nd4 14. Ne1 Ng6 15. Ne2 Nxe2+ 16. Qxe2 Nf4 17. Qf3 Rac8 18. b3 Kh7 19. Kh2 Rc5 20. g3 Ng6 21. Qxf6 gxf6 22. Bxe6 fxe6 23. c4 d5 24. Nc2 dxe4 25.
dxe4 Rd8 26. Ne3 Rc7 27. Rfd1 Rcd7 28. Rxd7+ Rxd7 29. Rd1 Rd4 30. f3 Kg7 31. Kg2 Nf8 32. Kf2 Nd7 33. Ke2 Nc5 34. Rb1 a5 35. Nd1 Rd3 36. b4 axb4 37. Rxb4 Ra3 38. Rxb6 Rxa4 39. Ne3 Ra2+ 40. Ke1 Kf7 41. f4 exf4 42. gxf4 Nd3+ 43.
Kd1 Nc5 44. f5 exf5 45. exf5 h5 46. Nd5 Ne4 47. Rxb7+ Ke8 48. Re7+ Kd8 49. Rxe4 Kd7 50. h4 Kd6 51. Re6+ Kc5 52. Rxf6 Kxc4 53. Ne7 Kd4 54. Rd6+ Ke5 55. Re6+ Kd4 56. f6 Rf2 57. Rd6+ Ke5 58.
Ra6 Rxf6 59. Rxf6 Kxf6 60. Nd5+ Kf5 61. Ne3+ Kf4 62. Ke2 Kg3 63. Nf5+ Kg4 64. Ne3+ Kxh4 65. Kf2 Kg5 66. Ng2 Kg4 67. Kg1 Kg3 68. Kh1 Kh3 69. Kg1 Kg3 70. Kh1 Kf3 71. Kh2 Kg4 72. Kh1 Kg3 73.
Kg1 Kh3 74. Kh1 Kg3 75. Kg1 Kh3 76. Kh1 Kg3 1/2-1/2

[Event "Late-Titled-Tuesday-Blitz-May-28-2024"]
[Site "Chess.com"]
[Date "2024.05.28"]
[Round "4"]
[White "Let_it_be_1"]
[Black "rasmussvane"]
[Result "1-0"]
[WhiteElo "2594"]
[BlackElo "2926"]
[TimeControl "180+1"]
[EndTime "14:40:15 PDT"]
[Termination "Let_it_be_1 won by checkmate"]

1. e4 c6 2. d4 d5 3. Nd2 dxe4 4. Nxe4 Nf6 5. Nxf6+ exf6 6. c3 Bd6 7. Bd3 O-O 8. Ne2 Re8 9. Qc2 h6 10. Be3 Nd7 11.
O-O-O b5 12. d5 c5 13. Bxb5 Rb8 14. c4 Re7 15. Nc3 a6 16. Ba4 Nb6 17. Bb3 Bd7 18. Rhe1 Qc7 19. Na4 Nxa4 20. Bxa4 Bg4 21. f3 Bh5 22. Bd2 Bg6 23. Qc3 Be5 24. Rxe5 fxe5 25. d6 Qxd6 26. Bg5 Qe6 27. Bxe7 Qxe7 28. Rd7 Qg5+ 29. Rd2 Kh7 30. Bc2 Rb6 31. Bxg6+ Rxg6 32. Qd3 h5 33. Qe4 Qf6 34. h4 Kh6 35. g4 Qxh4 36.
Qxe5 Qg5 37. Qxg5+ Rxg5 38. gxh5 Kxh5 39. Rd5 Kh4 40. Rd6 Rf5 41. Rxa6 Kg3 42. a4 Kxf3 43. Rc6 g5 44. a5 g4 45. a6 g3 46. Rc8 Rf6 47. a7 Ra6 48. a8=Q+ Rxa8 49. Rxa8 f5 50. Rg8 f4 51. b4 cxb4 52. c5 Kg2 53. c6 f3 54. c7 f2 55. Rf8 f1=Q+ 56. Rxf1 Kxf1 57.
c8=Q g2 58. Qc4+ Kf2 59. Qd4+ Ke2 60. Qe4+ Kf1 61. Qf3+ Kg1 62. Kb2 Kh2 63. Qh5+ Kg3 64. Qg5+ Kh2 65. Qf4+ Kg1 66. Kb3 Kh1 67. Qh4+ Kg1 68. Kxb4 Kf1 69. Qf4+ Ke2 70. Qe4+ Kf2 71.
Qf4+ Ke2 72. Qg3 Kf1 73. Qf3+ Kg1 74. Kc3 Kh1 75. Kd2 Kh2 76. Qh5+ Kg3 77. Qg5+ Kh2 78. Qh4+ Kg1 79. Ke3 Kf1 80. Qf2# 1-0

[Event "Late-Titled-Tuesday-Blitz-May-28-2024"]
[Site "Chess.com"]
[Date "2024.05.28"]
[Round "4"]
[White "wild3000"]
[Black "BattlestarGalactica04"]
[Result "1-0"]
[WhiteElo "2388"]
[BlackElo "2176"]
[TimeControl "180+1"]
[EndTime "14:40:22 PDT"]
[Termination "wild3000 won on time"]

1. d4 d5 2. Nf3 Nf6 3. e3 e6 4. Be2 Bd6 5. O-O O-O 6. c4 b6 7. Nc3 Ba6 8. b3 c5 9. Bb2 Nc6 10. cxd5 Bxe2 11. Qxe2 exd5 12. dxc5 Bxc5 13. Rfd1 Re8 14.
Na4 Be7 15. Rac1 Rc8 16. Qb5 Qd6 17. a3 Red8 18. b4 Ne4 19. Qd3 Bf6 20. Bxf6 Qxf6 21. Qe2 Ne5 22. Nxe5 Qxe5 23. f3 Nf6 24. Qd3 Re8 25.
Rxc8 Rxc8 26. Qd4 Qe6 27. Nc3 Rc4 28. Qd2 h5 29. Nxd5 Nxd5 30. Qxd5 Qxe3+ 31. Kf1 Rc2 32. Qd8+ Kh7 33. Qd3+ Qxd3+ 34. Rxd3 Ra2 35. h4 Kg6 36. Kg1 Kf6 37. Kh2 Ke5 38. Kg3 g6 39. Re3+ Kd6 40.
Rc3 a5 41. bxa5 bxa5 42. Kh3 Ke6 43. g4 hxg4+ 44. Kxg4 Rd2 45. Rb3 Rd4+ 46. Kg3 a4 47. Rb5 Rc4 48. Rb6+ Kf5 49. Ra6 f6 50. Ra5+ Ke6 51.
Ra6+ Ke5 52. Ra5+ Kd6 53. Ra6+ Ke5 54. Kf2 Kf5 55. Ra5+ Kf4 56. Ke2 Rc2+ 57. Kd3 Ra2 58. Rxa4+ Kxf3 59. Kc3 Re2 60. Ra6 f5 61. Rxg6 Re3+ 62.
Kb2 f4 63. h5 Re5 64. h6 Rh5 65. Rf6 Ke3 66. Kc3 f3 67. Re6+ Kf2 68. a4 Kf1 69. Kb4 f2 70. a5 Kg1 71. Rg6+ Kh1 72. Rf6 Kg1 73. Rg6+ Kf1 74. a6 1-0

[Event "Late-Titled-Tuesday-Blitz-May-28-2024"]
[Site "Chess.com"]
[Date "2024.05.28"]
[Round "4"]
[White "stolencandy13"]
[Black "FuenfgegenWilly"]
[Result "0-1"]
[WhiteElo "2609"]
[BlackElo "2463"]
[TimeControl "180+1"]
[EndTime "14:40:24 PDT"]
[Termination "FuenfgegenWilly won by checkmate"]

1. d4 c5 2. e3 cxd4 3. exd4 d5 4. Nf3 Nc6 5. Bf4 Bf5 6. c3 a6 7. Qb3 Na5 8. Qd1 e6 9. Nbd2 h6 10. Ne5 Ne7 11. Bd3 Bxd3 12. Nxd3 Ng6 13. Bg3 Bd6 14. O-O O-O 15. Ne5 Bxe5 16. dxe5 b5 17. Nf3 Rb8 18.
Nd4 b4 19. Qd2 Nc4 20. Qc2 bxc3 21. Qxc3 Rxb2 22. a4 Qb6 23. h4 Nd2 24. Rfd1 Ne4 25. Qe3 Rc8 26. h5 Ne7 27. Bh4 Nc6 28. Nxc6 Rxc6 29. Qf4 Rcc2 30. Rf1 Qd4 31. a5 Qd2 32. Qf3 Nc3 33. Kh2 Qd4 34. Bg3 Qe4 35. Qxe4 Nxe4 36. Ra4 Nxf2 37. Bxf2 Rxf2 38. Rg1 Rfc2 39. Rf4 Rc4 40.
Rf3 Re4 41. Rgf1 Rb7 42. Rc3 Rxe5 43. Rc6 d4 44. Rxa6 Rxh5+ 45. Kg1 Rd5 46. Ra8+ Kh7 47. a6 Rbd7 48. Rb1 Ra5 49. Rb7 Rd6 50. Rf8 Raxa6 51. Rfxf7 Kg6 52. Rxg7+ Kf5 53. Rbf7+ Ke4 54. Kf2 Kd3 55.
Rh7 e5 56. Re7 e4 57. Rb7 e3+ 58.
Kf3 Rf6+ 59. Kg3 Rg6+ 60. Kf4 Raf6+ 61. Ke5 Re6+ 62. Kd5 Rd6+ 63. Ke5 Rge6+ 64. Kf4 Ke2 65. Rb2+ Kd1 66. Ra7 Rc6 67. Ra1+ Rc1 68. Raa2 d3 69.
Kf3 e2 70. Rd2+ Ke1 71. g3 Rf6+ 72. Ke3 Kf1 73. Rxe2 dxe2 74. Rxe2 Rc3+ 75. Kd2 Rxg3 76. Re5 Rf2+ 77. Kd1 Ra3 78. Rc5 Ra1+ 79. Rc1 Rxc1+ 80. Kxc1 Kg2 81. Kd1 Kf3 82. Ke1 Ke3 83. Kd1 Kd3 84.
Ke1 Ra2 85. Kf1 Ke3 86. Kg1 Kf3 87. Kf1 Ra1# 0-1

[Event "Late-Titled-Tuesday-Blitz-May-28-2024"]
[Site "Chess.com"]
[Date "2024.05.28"]
[Round "4"]
[White "MyDream003"]
[Black "Maus7"]
[Result "0-1"]
[WhiteElo "2806"]
[BlackElo "2573"]
[TimeControl "180+1"]
[EndTime "14:40:32 PDT"]
[Termination "Maus7 won on time"]

1. e4 c5 2. Nf3 d6 3. d4 cxd4 4. Nxd4 Nf6 5. Nc3 a6 6. f3 Qb6 7.
Nb3 e6 8. g4 Be7 9. Qe2 Qc7 10.
g5 Nfd7 11. h4 b5 12. a3 Nb6 13. Qf2 N8d7 14. Be3 Rb8 15. h5 Ne5 16. Nd2 O-O 17. O-O-O Na4 18. Nxa4 bxa4 19. Bd4 Nc6 20. Bc3 d5 21.
exd5 exd5 22. Bd3 d4 23. Bxd4 Nxd4 24. Qxd4 Bxg5 25. Rhg1 h6 26. Kb1 Qb6 27. Qxb6 Rxb6 28. Ne4 Be7 29. Ka1 Be6 30. Nc3 Rfb8 31. Nxa4 Rc6 32.
f4 Bf6 33. f5 Bc4 34. Be4 Rc7 35. Rg3 Be2 36. Rh1 Kf8 37. Nc3 Bc4 38. Rd1 a5 39. Bd5 Be2 40. Rh1 Bc4 41. Be4 Rc5 42.
Rd1 Ba6 43. Rd2 Bc8 44. Rf3 Bb7 45. Bxb7 Rxb7 46. Ka2 Rc4 47. Rd1 Rc8 48. Rb1 Rcb8 49. Na4 Rb5 50. c3 Rd5 51. Re1 Rd2 52. Re4 Rh2 53. Rc4 Rxh5 54. Rc5 Rh2 55. Rxa5 h5 56.
Rd5 h4 57. Rdd3 Rg2 58. Rh3 Rf2 59. Rd5 Kg8 60. Rc5 Kh7 61. Rd5 Kh6 62. Rd4 Kh5 63.
Kb1 Bxd4 64. cxd4 Rf4 65. Kc2 Rxd4 66. Nc3 Kg4 67. Rh1 h3 68. Rg1+ Kf3 69. Rxg7 Rh4 70. Rg1 h2 71. Rd1 h1=Q 72. Rxh1 Rxh1 73. a4 Rh2+ 74.
Kd3 Rhxb2 75. Kc4 Rc2 76. Kd3 Rxc3+ 77. Kd4 Ra8 78. Kxc3 Kf4 79. Kd4 Kxf5 80. Kd5 Kg4 81. Kd6 f5 82. Ke7 f4 83. Kf7 f3 0-1

[Event "Late-Titled-Tuesday-Blitz-May-28-2024"]
[Site "Chess.com"]
[Date "2024.05.28"]
[Round "4"]
[White "luca_va99"]
[Black "DonMicheleCorleone"]
[Result "0-1"]
[WhiteElo "2180"]
[BlackElo "2500"]
[TimeControl "180+1"]
[EndTime "14:40:49 PDT"]
[Termination "DonMicheleCorleone won by resignation"]

1. e4 d5 2. d4 dxe4 3. Nc3 Nf6 4. Bg5 Nbd7 5. f3 exf3 6. Qxf3 e6 7. O-O-O c6 8. Bc4 Be7 9. Nge2 O-O 10. Rhf1 Nd5 11. Bxe7 Qxe7 12. Rde1 Qg5+ 13. Kb1 Ne3 14. Bd3 Nxf1 15.
Rxf1 Nf6 16. Nf4 Bd7 17. h4 Qa5 18. g4 e5 19. dxe5 Bxg4 20. Qg3 Qxe5 21. Re1 Qd6 22. Rg1 Rae8 23. a3 b5 24. Nh5 Qxg3 25. Nxf6+ gxf6 26. Rxg3 h5 27. Ne4 Kg7 28. Nd6 Re1+ 29. Ka2 Kh6 30. Nf5+ Bxf5 31. Bxf5 Re5 32. Bd3 f5 33. Rf3 Kg6 34.
Rg3+ Kf6 35. Rg5 f4 36. Rg2 Rd8 37. Rf2 Rd4 38. Kb3 Re3 39. Kc3 c5 40. b4 Ke5 41. bxc5 Rc4+ 42. Kb3 Rxc5 43. Kb4 Rd5 44. Bxb5 a5+ 45. Kxa5 Rxa3+ 46. Kb4 Re3 47. c4 Rd1 48.
Bc6 Rb1+ 49. Kc5 Rc1 50. Bd5 f5 51. Kc6 Re4 52. Kc5 Rc3 53. Rf1 Re2 54. Kb4 Rcc2 55.
Bf3 Rb2+ 56. Kc5 Rf2 57. Re1+ Kf6 58. Bxh5 f3 59. Re3 Rh2 60. Bxf3 Rxh4 61. Rd3 Rh3 62. Kd4 Rf2 63. Be2 Rxd3+ 64. Bxd3 Ke6 65. c5 Rf4+ 66. Ke3 Rb4 67. c6 f4+ 68. Kf3 Kd6 69.
Be4 Ra4 70. Kxf4 Ra1 71. Bf3 Re1 72. Kg3 Re7 73. Kf2 Rf7 74. Kg3 Kc7 75. Kf2 Re7 76.
Kg2 Rg7+ 77. Kf2 Rg8 78. Ke2 Rf8 79. Kf2 Rd8 80. Ke2 Ra8 81. Kf2 Ra3 82. Kg3 Kd6 83.
Kf2 Rc3 84. Kg2 Ke5 85. Kf2 Kf4 86. Bd5 Rc2+ 87. Ke1 Ke3 88. Kd1 Rd2+ 89. Kc1 Rxd5 90.
Kb2 Rc5 91. Kb3 Rxc6 92. Kb4 Re6 93. Kc4 Re4+ 0-1

[Event "Late-Titled-Tuesday-Blitz-May-28-2024"]
[Site "Chess.com"]
[Date "2024.05.28"]
[Round "4"]
[White "Nechitaylo_Nikita"]
[Black "tgpgoat"]
[Result "1/2-1/2"]
[WhiteElo "2334"]
[BlackElo "2513"]
[TimeControl "180+1"]
[EndTime "14:41:03 PDT"]
[Termination "Game drawn by agreement"]

1. d4 Nf6 2. c4 c5 3. d5 b5 4. cxb5 a6 5. bxa6 Bxa6 6. Nc3 g6 7. e4 Bxf1 8. Kxf1 d6 9. Nf3 Bg7 10. g3 O-O 11. Kg2 Nfd7 12. a4 Na6 13. Ra3 Qb6 14. Nb5 Nc7 15. Nxc7 Qxc7 16. Nd2 Rfb8 17. Nc4 Nb6 18.
Nxb6 Qxb6 19. b3 Qb4 20. Qc2 Rc8 21. Qc4 Rcb8 22. Qxb4 Rxb4 23. Bg5 Rxe4 24. Rd1 h6 25. Be3 Rb4 26. a5 Bb2 27. Ra2 Bc3 28. Rd3 Bg7 29. Bd2 Rb5 30. Re3 Kf8 31. Kf1 Ra6 32.
Rc2 Bd4 33. Rf3 g5 34. h4 Bf6 35. hxg5 hxg5 36. Rc4 Kg7 37. Rg4 Kg6 38. Rd3 Rb7 39.
Kg2 Rb8 40. f4 Rb7 41. fxg5 Be5 42. Rf3 Ra8 43. Rh4 Kg7 44. Rh6 Rab8 45. g4 Rxb3 46. Rxb3 Rxb3 47. Kf1 Rb2 48. Ke1 Ra2 49. Kd1 c4 50. Rh3 Ra1+ 51. Kc2 Ra2+ 52. Kd1 Kg6 53. Rf3 Ra1+ 54. Kc2 c3 55. Bxc3 Bxc3 56. Kxc3 Rxa5 57.
Kb4 Rxd5 58. Kc4 Rxg5 59. Rf4 f5 60. gxf5+ Rxf5 61. Re4 Kf6 62. Kd4 Re5 63. Rf4+ Ke6 64. Rh4 Rd5+ 65. Ke4 Ra5 66. Rh6+ Kd7 67. Rh7 Ra4+ 68.
Kd5 Ra5+ 69. Kd4 Rf5 70. Ke4 Rf6 71. Kd4 Ke8 72. Kd5 Rf7 73. Rh8+ Kd7 74. Ra8 e6+ 75. Ke4 Rf5 76. Ra7+ Kc6 77. Ra6+ Kb7 78. Rxd6 Rf6 79. Ke5 Rh6 80. Rxe6 Rh5+ 81. Kd6 Rh1 82. Re7+ Kc8 83. Re6 Kd8 84. Rg6 Rd1+ 85. Ke6 Kc7 86. Rg7+ Kc6 87. Rg2 Re1+ 88. Kf5 Kd5 89. Rd2+ Kc4 90.
Rd8 Rf1+ 91. Ke4 Re1+ 92. Kf4 Kc5 93. Rc8+ Kd6 94. Rc2 Rf1+ 95. Ke4 Ra1 96. Rd2+ Ke6 97. Rh2 Ra4+ 98. Ke3 Kf5 99. Rh5+ Kg4 100. Rd5 Ra3+ 101. Rd3 Ra1 102. Rd4+ Kf5 103. Rd5+ Ke6 104. Rh5 Ra3+ 105. Kd4 Ra4+ 1/2-1/2

[Event "Late-Titled-Tuesday-Blitz-May-28-2024"]
[Site "Chess.com"]
[Date "2024.05.28"]
[Round "4"]
[White "Mackster23"]
[Black "ExchangeAB"]
[Result "1/2-1/2"]
[WhiteElo "2666"]
[BlackElo "2495"]
[TimeControl "180+1"]
[EndTime "14:41:17 PDT"]
[Termination "Game drawn by 50-move rule"]

1. e4 c6 2. d4 d5 3. e5 Bf5 4. Nf3 e6 5. Be2 Ne7 6. c3 h6 7.
O-O Nd7 8. Na3 Bh7 9. Nc2 Nf5 10.
Nfe1 Be7 11. f4 Qc7 12. b4 b6 13. a4 O-O 14. Bd3 c5 15. g4 Nh4 16. Bxh7+ Kxh7 17. Qd3+ Kg8 18. f5 Bg5 19. Bxg5 hxg5 20. Qe3 Qd8 21. f6 Nxf6 22. exf6 gxf6 23. bxc5 bxc5 24. dxc5 Kg7 25. Nf3 Ng6 26. c4 Nf4 27. Rad1 Qc7 28. cxd5 Nxd5 29. Qf2 Nf4 30. Kh1 Rac8 31. Ne3 Qxc5 32. Ng2 Qxf2 33. Rxf2 Rc4 34. a5 Rb8 35. Nxf4 Rxf4 36. h3 Ra4 37. Rfd2 Rxa5 38. Rd7 Rb3 39. Kg2 Ra2+ 40. R1d2 Rxd2+ 41. Nxd2 Ra3 42. Nc4 Ra2+ 43.
Kg3 f5 44. gxf5 exf5 45. Nd6 Kf6 46. Nxf7 Ke6 47. Rb7 Ra3+ 48. Kg2 Ra2+ 49. Kf3 Ra3+ 50. Ke2 Ra2+ 51. Kd3 Ra3+ 52. Kc4 g4 53. h4 g3 54. Nd8+ Kf6 55. h5 g2 56. Rf7+ Kg5 57. Rg7+ Kxh5 58.
Rxg2 f4 59. Kd4 f3 60. Rf2 Kg4 61. Ke4 Kg3 62. Rf1 f2 63. Ne6 Ra4+ 64. Ke3 Ra3+ 65.
Ke2 Ra2+ 66. Ke3 Kg2 67. Rc1 f1=Q 68. Rxf1 Kxf1 69. Kd4 Ke2 70. Kc4 Ke3 71. Nc7 Ke4 72. Kb5 Ke5 73. Na6 Kd6 74. Nb4 Ra1 75. Nc2 Rh1 76. Ka6 Kc5 77. Kxa7 Rh7+ 78. Ka6 Rh2 79. Ne3 Rb2 80. Nf5 Kc6 81. Nd4+ Kc5 82. Ne6+ Kd6 83. Nd4 Rb1 84. Nb5+ Kc5 85. Na7 Rh1 86. Kb7 Rh7+ 87. Ka6 Rg7 88. Nc8 Kc6 89. Na7+ Kc5 90. Nc8 Rg1 91. Kb7 Rb1+ 92. Kc7 Rh1 93. Kd7 Rh2 94. Ke6 Re2+ 95. Kf6 Re8 96. Ne7 Kd6 97. Nf5+ Kd5 98. Ne7+ Ke4 99. Ng6 Ra8 100. Ne7 Ra7 101. Ke6 Ra6+ 102. Kd7 Kd4 103. Nf5+ Kc5 104. Ke7 Kd5 105. Kf7 Ke5 106. Ne7 Rf6+ 107. Kg7 Re6 108. Ng6+ Kf5 109. Nh4+ Kg5 110. Nf3+ Kf4 111. Nh4 Rd6 112. Ng6+ Kg5 113. Ne7 Rd7 114. Kf7 Ra7 115. Ke6 Kf4 116. Nd5+ Ke4 117. Nf6+ Kd4 118. Kf5 Ra6 119. Ng4 Kd5 120. Kf4 Ra1 121. Ne3+ Kd4 122. Nf5+ Kd3 123. Ke5 Rf1 124. Nd6 Rh1 125. Kd5 Ke3 126. Nc4+ Kd3 127. Ne5+ 1/2-1/2